 Dungeon Crawl Stone Soup version 0.24.0-35-gdb84b6a5db (webtiles) character file.

Game seed: 15424238650603203253, levelgen mode: deterministic

86 DildoBatman the Conjurer (level 4, -1/30 HPs)
             Began as a Formicid Wizard on Nov 20, 2019.
             Slain by an orc
             ... wielding a +0 hand axe
              (6 damage)
             ... on level 3 of the Dungeon.
             The game lasted 00:03:30 (1944 turns).

DildoBatman the Conjurer (Formicid Wizard)          Turns: 1944, Time: 00:03:31

Health: -1/30      AC:  2    Str: 11    XL:     4   Next: 77%
Magic:  0/8        EV: 17    Int: 19    God:
Gold:   98         SH:  0    Dex: 14    Spells: 2/9 levels left

rFire    . . .     SeeInvis +   h - +0 hand axe (elec)
rCold    . . .     Gourm    .   (no shield)
rNeg     . . .     Faith    .   a - +0 robe
rPois    .         Spirit   .   (helmet unavailable)
rElec    .         Reflect  .   (no cloak)
rCorr    .         Harm     .   (no gloves)
MR       .....                  (no boots)
Stlth    +++.......             (no amulet)
HPRegen  0.10/turn              (no ring)
MPRegen  0.11/turn              (no ring)

@: agile
A: permanent stasis, dig shafts and tunnels, four strong arms, antennae 3
a: Dig, Shaft Self


You were on level 3 of the Dungeon.
You were hungry.

You visited 1 branch of the dungeon, and saw 3 of its levels.

You collected 98 gold pieces.

Inventory:

Hand Weapons
 h - a +0 hand axe of electrocution (weapon)
Missiles
 e - 79 stones (quivered)
 f - 11 bolts
 g - 3 javelins
Armour
 a - a +0 robe (worn)
Jewellery
 j - an uncursed ring of ice
Scrolls
 b - a scroll of fog {unknown}
 c - 2 scrolls of magic mapping {unknown}
 i - a scroll of enchant armour {unknown}
 k - a scroll of noise {unknown}
Potions
 l - a potion of flight {unknown}
Comestibles
 m - a chunk of flesh
 v - a ration


   Skills:
 - Level 1.7 Dodging
 - Level 2.4 Stealth
 - Level 3.2 Spellcasting
 * Level 3.8 Conjurations
   Level 1.0 Summonings
   Level 0.8 Translocations


You had 2 spell levels left.
You knew the following spells:

 Your Spells              Type           Power        Failure   Level  Hunger
a - Conjure Flame         Conj/Fire      ##......     21%         3    ###....
c - Magic Dart            Conj           ###.         3%          1    None
e - Mephitic Cloud        Conj/Pois/Air  #.......     26%         3    ###....

Your spell library contained the following spells:

 Spells                   Type           Power        Failure   Level  Hunger
 Call Imp                 Summ           #.......     16%         2    ##.....
 Slow                     Hex            #.......     22%         2    ##.....
 Blink                    Tloc           Unusable     N/A         2    N/A

Dungeon Overview and Level Annotations

Branches:
Dungeon (3/15)

Altars:
Dithmenos

Annotations:
D:1 Terence
D:2 1 exclusion


Innate Abilities, Weirdness & Mutations

You cannot be hasted, slowed, berserked, paralysed or teleported.
You can dig through walls and to a lower floor.
Your four strong arms can wield two-handed weapons with a shield.
You have a pair of large antennae on your head. (SInv)


Message History

You closely miss the orc.
The orc is moderately wounded.
The orc barely misses you.
You closely miss the orc.
The orc is moderately wounded.
The orc closely misses you.
Casting: Magic Dart (safe; 3% risk of failure)
Confirm with . or Enter, or press ? or * to list all spells.
You don't have enough magic to cast that spell.
Unknown command.
Press: ? - help, v - describe, . - travel, g - get item
Here: an orc, wielding a +0 hand axe and wearing a +0 ring mail (moderately wounded)
A +0 flail.
There is something else lying underneath.
The floor, spattered with blood.
Unknown command.
It was a potion of agility.
You feel agile all of a sudden. The orc hits you with a +0 hand axe.
You die...

......†.§.##
#
..?.......#
..........#
.......<..#
..........#
...)......#
..........#
.........o##
##########@#
###


You could see an orc.

Vanquished Creatures
  4 adders (D:2)
  2 dart slugs
  2 worms (D:2)
  2 leopard geckos (D:2)
  4 orcs (D:3)
  A bat (D:1)
  3 giant cockroaches (D:1)
  4 goblins
  4 hobgoblins (D:1)
  3 frilled lizards (D:2)
  4 kobolds (D:2)
  2 rats
35 creatures vanquished.

Notes
Turn   | Place    | Note
-------+----------+-------------------------------------------
     0 | D:1      | DildoBatman the Formicid Wizard began the quest for the
                  | Orb.
     0 | D:1      | Reached XP level 1. HP: 13/13 MP: 4/4
    39 | D:1      | Reached skill level 1 in Conjurations
   309 | D:1      | Reached XP level 2. HP: 6/19 MP: 0/6
   782 | D:2      | Reached XP level 3. HP: 16/24 MP: 0/7
   787 | D:2      | Learned a level 3 spell: Conjure Flame
   791 | D:2      | Learned a level 3 spell: Mephitic Cloud
  1215 | D:2      | Reached XP level 4. HP: 20/30 MP: 5/8
  1478 | D:2      | Noticed Terence
  1904 | D:3      | Found a shadowy altar of Dithmenos.
  1944 | D:3      | Slain by an orc

Levels and vault maps discovered:
D:1:      scummos_arrival_gate, layout_rooms, minmay_box_of_dots
D:2:      layout_loops_ring, uniq_terence
D:3:      layout_rooms, grunt_temple_overflow_gold_and_silver,
          grunt_dithmenos_smoke_and_mirrors

Skill      XL: |  1  2  3 |
---------------+----------+-----
Conjurations   | 1 2 3 |  3.8
Dodging        | |  1.7
Stealth        | |  2.4
Spellcasting   | |  3.2
Summonings     | |  1.0
Translocations | |  0.8

Action                   |  1- 3 |  4- 6 || total
-------------------------+-------+-------++-------
Melee: Unarmed           |    14 |       ||    14
       Hand axe          |    23 |    17 ||    40
 Cast: Magic Dart        |    63 |    34 ||    97
       Mephitic Cloud    |       |     1 ||     1
 Abil: Dig               |     1 |     2 ||     3
  Use: Potion            |       |     1 ||     1
  Eat: Chunk             |     1 |     2 ||     3
Armor: Robe              |     8 |       ||     8
Dodge: Dodged            |    24 |    19 ||    43
